 Dungeon Crawl Stone Soup version 0.19-a0-1790-g026f1ef (webtiles) character file.

94 Proteus the Covert (level 4, 0/22 HPs)
             Began as a Spriggan Assassin on Oct 4, 2016.
             Succumbed to an adder's poison
             ... on level 2 of the Dungeon.
             The game lasted 00:05:42 (2024 turns).

Proteus the Covert (Spriggan Assassin)              Turns: 2024, Time: 00:05:43

Health: 0/22       AC:  3    Str:  7    XL:     4   Next: 38%
Magic:  5/5        EV: 17    Int: 15    God:
Gold:   59         SH:  0    Dex: 18    Spells: 0 memorised, 3 levels left

rFire  . . .     SeeInvis +     a - +2 dagger
rCold  . . .     Gourm    .     c - +0 robe
rNeg   . . .     Faith    .     (shield restricted)
rPois  .         Spirit   .     (helmet restricted)
rElec  .         Dismiss  .     d - +0 cloak
rCorr  .         Reflect  .     (gloves unavailable)
MR     .....     Harm     .     (boots unavailable)
Stlth  +++++.....               (no amulet)
                                (no ring)
                                q - +3 ring of intelligence

@: lethally poisoned (0 -> -3), exhausted, slowed, quick
A: unfitting armour, see invisible, herbivore 3, speed 3, slow metabolism 2
a: no special abilities


You were on level 2 of the Dungeon.
You were not hungry.

You visited 1 branch of the dungeon, and saw 2 of its levels.

You collected 59 gold pieces.

Inventory:

Hand Weapons
 a - a +2 dagger (weapon)
 b - a +1 blowgun
 j - a +0 dagger of speed
Missiles
 e - 7 poisoned needles
 f - 2 curare-tipped needles
Armour
 c - a +0 robe (worn)
 d - a +0 cloak (worn)
Jewellery
 q - a +3 ring of intelligence (left hand)
Scrolls
 k - a scroll of noise
Comestibles
 g - 2 bread rations


   Skills:
 - Level 1.5 Fighting
 - Level 2.1 Short Blades
 - Level 2.0 Throwing
 - Level 1.5 Dodging
 + Level 9.0 Stealth


You had 3 spell levels left.
You didn't know any spells.

Dungeon Overview and Level Annotations

Branches:
Dungeon (2/15)

Altars:


Innate Abilities, Weirdness & Mutations

You are very small and have problems with some larger weapons.
You are too small for most types of armour.
You have supernaturally acute eyesight. (SInv)
You are a herbivore.
You cover ground extremely quickly.
You need consume almost no food.


Message History

You feel blessed for a moment.
It was a scroll of remove curse.
* * * LOW HITPOINT WARNING * * *
You feel sick.
Found a stone staircase leading down.
* * * LOW HITPOINT WARNING * * *
You feel sick.
There is a stone staircase leading down here.
As you read the scroll labeled PEILORCHIEF, it crumbles to dust.
It is a scroll of recharging.
You aren't carrying any rechargeable items.
As you read the scroll labeled KOTUTH QORET, it crumbles to dust.
It is a scroll of amnesia.
You feel forgetful for a moment.
* * * LOW HITPOINT WARNING * * *
You feel sick.
As you read the scroll labeled BOFUF OCWOJEONO, it crumbles to dust.
You assume a fearsome visage.
Nothing appears to happen.
It was a scroll of fear.
You aren't carrying any potions.
You die...

##########
#.@.......
#>######## ####
#.# ####
.....##.#######
.... ###
#........... #.
##.#######.#######
####.
#.#.....†.....#
.....
##..#########.#
##### #.#####..# #


There were no monsters in sight!

Vanquished Creatures
  An orc priest (D:1)
  An adder (D:2)
  3 dart slugs (D:1)
  A leopard gecko (D:1)
  2 orcs (D:1)
  6 bats
  3 giant cockroaches
  4 goblins
  4 hobgoblins
  5 jackals
  A ball python (D:2)
  A frilled lizard (D:2)
  6 kobolds (D:1)
  10 rats
48 creatures vanquished.

Notes
Turn   | Place    | Note
-------+----------+-------------------------------------------
     0 | D:1      | Proteus the Spriggan Assassin began the quest for the Orb.
     0 | D:1      | Reached XP level 1. HP: 10/10 MP: 2/2
     8 | D:1      | Reached skill level 6 in Stealth
   192 | D:1      | Reached XP level 2. HP: 11/14 MP: 3/3
   456 | D:1      | Reached skill level 7 in Stealth
   772 | D:1      | Reached XP level 3. HP: 6/18 MP: 4/4
  1286 | D:1      | Reached skill level 8 in Stealth
  1286 | D:1      | Reached XP level 4. HP: 22/22 MP: 5/5
  2003 | D:2      | Reached skill level 9 in Stealth
  2021 | D:2      | HP: 1/22 [poisoned by an adder]
  2024 | D:2      | Succumbed to an adder's poison

Vault maps used:
D:1:      dpeg_arrival_tiny_j
D:2:      first_bread

Skill      XL: |  1  2  3  4 |
---------------+-------------+-----
Stealth        | 6 7 8 9 |  9.0
Fighting       | |  1.5
Short Blades   | |  2.1
Throwing       | |  2.0
Dodging        | |  1.5

Action                   |  1- 3 |  4- 6 || total
-------------------------+-------+-------++-------
Melee: Dagger            |    69 |    60 ||   129
 Fire: Blowgun           |     6 |       ||     6
  Use: Scroll            |       |     7 ||     7
       Potion            |       |     1 ||     1
 Stab: Sleeping          |    15 |     3 ||    18
       Distracted        |     1 |       ||     1
Armor: Robe              |     6 |     6 ||    12
Dodge: Dodged            |    44 |    44 ||    88
